 Dungeon Crawl Stone Soup version 0.23-a0-375-g66a18ee (webtiles) character file.

43908 JeffiDaFish the Bewitcher (level 13, 0/55 HPs)
             Began as a Spriggan Enchanter on Oct 26, 2018.
             Was a High Priest of Dithmenos.
             Slain by a catoblepas (5 damage)
             ... on level 6 of the Lair of Beasts.
             The game lasted 01:28:20 (18543 turns).

JeffiDaFish the Bewitcher (Spriggan Enchanter)     Turns: 18543, Time: 01:28:20

Health: 0/55       AC: 11    Str:  5    XL:     13   Next: 93%
Magic:  27/33      EV:  4    Int: 23    God:    Dithmenos [*****.]
Gold:   966        SH:  0    Dex: 18    Spells: 22/42 levels left

rFire    + . .     SeeInvis +   C - +2 short sword (venom)
rCold    + . .     Gourm    .   (shield restricted)
rNeg     + + +     Faith    .   B - +2 robe {rC+}
rPois    ∞         Spirit   .   (helmet restricted)
rElec    .         Reflect  .   m - +2 cloak
rCorr    .         Harm     .   (gloves unavailable)
MR       ++...                  (boots unavailable)
Stlth    +++++++++.             n - amulet of magic regeneration
HPRegen  0.18/turn              e - +4 ring of protection
MPRegen  0.48/turn              g - +4 ring of intelligence

@: petrified, wreathed by umbra, very quick
A: very small, unfitting armour, repulsion field 1, see invisible, fire
resistance 1, herbivore, speed 3, slow metabolism 2
a: Shadow Step, Shadow Form, Renounce Religion


You were on level 6 of the Lair of Beasts.
You worshipped Dithmenos.
Dithmenos was extremely pleased with you.
You were not hungry.

You visited 3 branches of the dungeon, and saw 15 of its levels.
You also visited: Sewer.

You collected 966 gold pieces.

Inventory:

Hand Weapons
 C - a +2 short sword of venom (weapon)
Armour
 m - a +2 cloak (worn)
 B - a +2 robe of cold resistance (worn)
Jewellery
 c - an uncursed ring of protection from cold
 e - a +4 ring of protection (left hand)
 g - a +4 ring of intelligence (right hand)
 i - an uncursed ring of resist corrosion
 n - an amulet of magic regeneration (around neck)
 r - an uncursed ring of stealth
 y - an uncursed ring of protection from fire
 H - an uncursed ring of protection from magic
Wands
 k - a wand of digging (7)
 o - a wand of iceblast (26)
 z - a wand of polymorph (17)
 A - a wand of disintegration (12)
 D - a wand of acid (9)
 E - a wand of clouds (6)
 G - a wand of flame (37)
Scrolls
 a - a scroll of fear
 f - 2 scrolls of identify
 h - 3 scrolls of magic mapping
 j - 5 scrolls of teleportation
 p - 2 scrolls of fog
 s - a scroll of amnesia
 u - 4 scrolls of remove curse
 w - 4 scrolls of enchant armour
Potions
 b - 5 potions of curing
 l - a potion of mutation
 q - a potion of magic
 t - 4 potions of heal wounds
 v - a potion of brilliance {unknown}
 x - a potion of agility
Comestibles
 d - 15 rations


   Skills:
 - Level 10.0 Short Blades
 + Level 13.1 Dodging
 + Level 14.4 Stealth
 * Level 15.0 Spellcasting
 * Level 15.2 Hexes
 + Level 3.3 Poison Magic


You had 22 spell levels left.
You knew the following spells:

 Your Spells              Type           Power        Failure   Level  Hunger
a - Corona                Hex            ######.      0%          1    None
b - Ensorcelled Hibernat  Hex/Ice        ######       1%          2    None
c - Dazzling Spray        Conj/Hex       ######       1%          3    None
d - Confuse               Hex            ######..     1%          3    None
e - Invisibility          Hex            ######..     1%          6    #####..
f - Venom Bolt            Conj/Pois      ####......   43%         5    ##.....

Your spell library contained the following spells:

 Spells                   Type           Power        Failure   Level  Hunger
 Summon Guardian Golem    Hex/Summ       ######..     1%          3    None
 Tukima's Dance           Hex            ######..     1%          3    None
 Apportation              Tloc           ###...       3%          1    None
 Summon Butterflies       Summ           ###.....     3%          1    None
 Summon Small Mammal      Summ           ###.         3%          1    None
 Call Imp                 Summ           ###.....     4%          2    None
 Call Canine Familiar     Summ           ###.....     10%         3    None
 Lesser Beckoning         Tloc           ###.......   10%         3    None
 Summon Ice Beast         Ice/Summ       ###.....     32%         4    None
 Summon Lightning Spire   Summ/Air       ###.....     32%         4    None
 Alistair's Intoxication  Tmut/Pois      ####....     43%         5    ##.....
 Bolt of Magma            Conj/Fire/Erth ###.......   67%         5    ##.....
 Iskenderun's Battlesphe  Conj/Chrm      ###.....     67%         5    ##.....
 Iron Shot                Conj/Erth      ###.......   99%         6    #####..
 Orb of Destruction       Conj           ###.......   100%        7    ######.
 Spellforged Servitor     Conj/Summ      ###.......   100%        7    ######.


Dungeon Overview and Level Annotations

Branches:
Dungeon (8/15)             Temple (1/1) D:7            Lair (6/6) D:8
  Swamp (0/4) Lair:3       Spider (0/4) Lair:2        Slime (0/5) Lair:6

Altars:
Ashenzari
Cheibriados
Dithmenos
Elyvilon
Fedhas
Gozag
Hepliaklqana
Kikubaaqudgha
Makhleb
Nemelex Xobeh
Okawaru
Qazlal
Sif Muna
Trog
Uskayaw
Vehumet
Wu Jian
Xom
Yredelemnul
Zin
The Shining One

Shops:
D:7 (

Annotations:
D:3 2 transporters
D:7 1 runed door
Lair:1 exclusion: oklob plant
Lair:6 exclusion: 3 oklob plants


Innate Abilities, Weirdness & Mutations

You are very small and have problems with some larger weapons.
You are too small for most types of armour.
You have supernaturally acute eyesight. (SInv)
You are a herbivore.
You cover ground extremely quickly.
You need to consume almost no food.
You are surrounded by a mild repulsion field. (EV +2)
Your flesh is heat resistant. (rF+)


Message History

Your limbs are stiffening.
Casting: Confuse (safe; 1% risk of failure)
Confirm with . or Enter, or press ? or * to list all spells.
Aiming: Confuse (safe; 1% risk of failure)
Press: ? - help, Shift-Dir - straight line, f/p - catoblepas
Aim: a catoblepas (calcifying dust, umbra, chance to defeat MR: 17%)
The catoblepas resists with almost no effort.
Your shadow mimicks your spell!
The catoblepas resists with almost no effort.
The catoblepas bellows!
The catoblepas gores you!!
The death yak is engulfed in calcifying dust.
The death yak is moving more slowly.
You have turned to stone.
The catoblepas gores you!!
You emit a cloud of dark smoke.
The catoblepas gores you!
* * * LOW HITPOINT WARNING * * *
The catoblepas gores you!
* * * LOW HITPOINT WARNING * * *
The catoblepas gores you!
You die...

......# ...Y....###..........
......# #.....P###.........
....### #.###..###.........
.....# ##...#...###........
....## #(÷..#...# #.......P
....## #####...#...##P......##
....P# ##..P#Y###..###..(...##
....P# ##....#YY§§..# ##...?..#
....P# #......§@§§÷.# #........
....## #.......§§§..# #........
.....# #P.....#§§§.## .......P
.....# ##..#.#.#..### ......>.
.[..## #...#...###### #........
.....###...#...####.#####........
....#..#...#...#....P##..........
.......##..#####.....##..........
......###P...#÷#.....##..........


You could see a death yak (petrifying), a catoblepas and a dream sheep.

Vanquished Creatures
  Josephine (Lair:6)
  8 hydras
  Fannar (Lair:2)
  6 death yaks
  Sonja (Lair:2)
  2 lindwurms (Lair:6)
  A manticore (Lair:6)
  8 elephants
  7 black mambas
  10 spiny frogs
  6 komodo dragons
  A rime drake (Lair:6)
  9 hippogriffs
  3 bog bodies (Lair:3)
  12 polar bears
  11 blink frogs
  2 raiju (Lair:6)
  A dream sheep (Lair:6)
  3 wyverns (Lair:4)
  5 wraiths
  16 yaks
  2 basilisks (Lair:6)
  A hungry ghost (D:8)
  4 wargs (Lair:6)
  Menkaure (D:4)
  15 hell hounds (Lair:6)
  3 swamp worms (Lair:3)
  14 water moccasins
  7 porcupines
  Purgy (Sewer)
  3 phantoms
  2 orc warriors
  13 black bears
  A sky beast (D:8)
  An ogre (D:5)
  14 wolves (Lair:6)
  18 crocodiles
  9 bullfrogs
  2 gnoll sergeants
  A wyvern zombie (D:6)
  2 scorpions
  5 electric eels
  3 wights (D:8)
  2 crimson imps
  4 orc priests
  3 hounds
  5 gnoll shamans (D:5)
  3 orc wizards
  Crazy Yiuf (D:3)
  A jelly (D:5)
  An iguana (D:8)
  Natasha (thrice) (D:3)
  13 hell rats
  4 worker ants
  Ijyb (D:4)
  41 gnolls
  A howler monkey skeleton (D:8)
  10 adders
  An ooze (D:2)
  An adder skeleton (D:4)
  A worm (D:5)
  3 dart slugs
  2 leopard geckos
  21 orcs
  5 giant cockroaches
  8 goblins
  8 hobgoblins
  14 jackals (D:5)
  A quokka (D:3)
  5 ball pythons
  11 bats
  9 frilled lizards
  3 kobolds
  10 rats
432 creatures vanquished.

Vanquished Creatures (others)
  8 fungi
  12 plants (Lair:6)
20 creatures vanquished.

Grand Total: 452 creatures vanquished

Notes
Turn   | Place    | Note
-------+----------+-------------------------------------------
     0 | D:1      | JeffiDaFish the Spriggan Enchanter began the quest for the
                  | Orb.
     0 | D:1      | Reached XP level 1. HP: 9/9 MP: 5/5
   189 | D:1      | Reached XP level 2. HP: 5/13 MP: 1/7
   405 | D:1      | Gained mutation: You are surrounded by a mild repulsion
                  | field. (EV +2) [potion of mutation]
   405 | D:1      | Gained mutation: Your flesh is heat resistant. (rF+)
                  | [potion of mutation]
   488 | D:1      | Learned a level 2 spell: Ensorcelled Hibernation
  1002 | D:1      | Reached XP level 3. HP: 14/16 MP: 6/8
  1361 | D:2      | Found a radiant altar of Vehumet.
  1369 | D:2      | Found a basalt altar of Yredelemnul.
  1374 | D:2      | Found a hide-covered altar of Uskayaw.
  1981 | D:2      | Found a bloodstained altar of Trog.
  2209 | D:3      | Reached XP level 4. HP: 21/21 MP: 10/10
  2334 | D:3      | Noticed Natasha
  2342 | D:3      | Killed Natasha
  2342 | D:3      | Reached skill level 5 in Stealth
  2400 | D:3      | Noticed Natasha
  2423 | D:3      | Killed Natasha
  2637 | D:3      | Noticed Natasha
  2650 | D:3      | Killed Natasha
  2650 | D:3      | Reached skill level 5 in Hexes
  2650 | D:3      | Reached XP level 5. HP: 24/24 MP: 5/12
  2866 | D:3      | Found a transporter.
  2869 | D:3      | Found a transporter.
  2873 | D:3      | Noticed a troll
  2875 | D:3      | Found a hazy altar of Hepliaklqana.
  3052 | D:3      | Found a runed door.
  3056 | D:3      | Noticed Crazy Yiuf
  3060 | D:3      | Killed Crazy Yiuf
  3280 | D:3      | Found a shimmering altar of Xom.
  3376 | D:4      | Noticed Menkaure
  3380 | D:4      | Found a snail-covered altar of Cheibriados.
  3477 | D:4      | Noticed Ijyb
  3642 | D:3      | Learned a level 3 spell: Dazzling Spray
  3821 | D:4      | Killed Ijyb
  3821 | D:4      | Reached XP level 6. HP: 28/28 MP: 10/14
  3905 | D:4      | Found a glowing drain.
  3918 | Sewer    | Entered a sewer
  3926 | Sewer    | Learned a level 3 spell: Confuse
  3971 | Sewer    | Noticed Purgy
  3990 | Sewer    | Killed Purgy
  3990 | Sewer    | Reached skill level 5 in Spellcasting
  4353 | D:4      | Killed Menkaure
  4353 | D:4      | Reached skill level 5 in Dodging
  4353 | D:4      | Reached XP level 7. HP: 32/32 MP: 11/16
  4378 | D:5      | Entered Level 5 of the Dungeon
  5583 | D:5      | Reached XP level 8. HP: 36/36 MP: 14/18
  6327 | D:5      | Found a blossoming altar of Fedhas.
  6487 | D:6      | Found a white marble altar of Elyvilon.
  7302 | D:7      | Found a staircase to the Ecumenical Temple.
  7319 | Temple   | Entered the Ecumenical Temple
  7464 | Temple   | Became a worshipper of Dithmenos the Shadowed
  7568 | D:7      | Found Guhuyrr's Weapon Shoppe.
  7987 | D:7      | Reached XP level 9. HP: 25/39 MP: 10/22
  8051 | D:7      | Found a runed door.
  8051 | D:7      | Noticed a sixfirhy
  8306 | D:8      | Reached skill level 5 in Short Blades
  8575 | D:8      | Found a staircase to the Lair.
  8829 | D:8      | Found a sparkling altar of Nemelex Xobeh.
  9142 | Lair:1   | Entered Level 1 of the Lair of Beasts
  9142 | Lair:1   | Noticed a spiny frog
  9159 | Lair:1   | Killed a spiny frog
  9319 | Lair:1   | Noticed an eight-headed hydra
  9347 | Lair:1   | Killed an eight-headed hydra
  9347 | Lair:1   | Reached skill level 10 in Hexes
  9347 | Lair:1   | Reached XP level 10. HP: 11/44 MP: 2/24
  9716 | Lair:1   | Reached * piety under Dithmenos
  9739 | Lair:1   | Noticed a black mamba
  9743 | Lair:1   | Killed a black mamba
  9743 | Lair:1   | Reached skill level 10 in Stealth
  9743 | Lair:1   | Reached skill level 10 in Spellcasting
  9988 | Lair:1   | Found a basalt altar of Yredelemnul.
  9988 | Lair:1   | Noticed an oklob plant
 10496 | Lair:2   | Noticed Sonja
 10513 | Lair:2   | Killed Sonja
 10718 | Lair:2   | Noticed a spiny frog
 10723 | Lair:2   | Killed a spiny frog
 10727 | Lair:2   | Noticed Fannar
 10754 | Lair:2   | Killed Fannar
 10754 | Lair:2   | Reached XP level 11. HP: 38/47 MP: 15/27
 10852 | Lair:2   | Found a hole to the Spider Nest.
 11098 | Lair:3   | Reached ** piety under Dithmenos
 11127 | Lair:3   | Learned a level 6 spell: Invisibility
 11523 | Lair:3   | Reached skill level 10 in Dodging
 11593 | Lair:3   | Found a staircase to the Swamp.
 11808 | Lair:4   | Noticed a four-headed hydra
 11834 | Lair:4   | Killed a four-headed hydra
 12665 | Lair:4   | Reached *** piety under Dithmenos
 12829 | Lair:5   | Noticed a five-headed hydra
 13010 | Lair:5   | Killed a five-headed hydra
 13057 | Lair:5   | Noticed a four-headed hydra
 13080 | Lair:5   | Killed a four-headed hydra
 13080 | Lair:5   | Reached XP level 12. HP: 22/51 MP: 13/29
 13179 | Lair:5   | Noticed a six-headed hydra
 13194 | Lair:5   | Killed a six-headed hydra
 14511 | Lair:6   | Entered Level 6 of the Lair of Beasts
 14850 | Lair:6   | Noticed Josephine
 14881 | Lair:5   | Reached **** piety under Dithmenos
 15122 | Lair:6   | Killed Josephine
 15324 | Lair:6   | Reached XP level 13. HP: 55/55 MP: 27/31
 15476 | Lair:6   | Learned a level 5 spell: Venom Bolt
 16317 | Lair:5   | Reached skill level 1 in Poison Magic
 17018 | Lair:6   | Reached ***** piety under Dithmenos
 17433 | Lair:6   | Identified the +2 falchion of Viuhegit {freeze, +Rage} (You
                  | found it on level 6 of the Lair of Beasts)
 17466 | Lair:6   | Reached skill level 10 in Short Blades
 17741 | Lair:6   | Found a staircase to the Slime Pits.
 17784 | Lair:6   | Reached skill level 15 in Hexes
 18131 | Lair:6   | Upgraded the game from 0.23-a0-373-g305c090 to
                  | 0.23-a0-375-g66a18ee
 18170 | Lair:6   | Reached skill level 15 in Spellcasting
 18543 | Lair:6   | Slain by a catoblepas

Vault maps used:
D:1:      minmay_arrival_glassed_features
D:2:      grunt_temple_overflow_diamond, bloody_trog
D:3:      gammafunk_temple_overflow_arena, lemuel_doored_altar,
          uniq_crazy_yiuf_cottage, uniq_natasha
D:4:      kennysheep_slug_shrine, portal_sewer_entry_d, first_ration, uniq_ijyb,
          uniq_menkaure
D:5:      lemuel_castle_with_subvaults, fedhas_altar_fruit_tree
D:6:      basic_altar
D:7:      cheibrodos_shockbox, minmay_temple_entry_glass, serial_shops,
          nicolae_shop_trees
D:8:      nemelex_xobeh_ov_fountains_minmay, grunt_lair_entry_orc_guard_hut
Temple:   nicolae_temple_figure_eight
Lair:1:   lemuel_oklob_altar, serial_bayou_shore_a, grunt_megastairs_1,
          infiniplex_staircase_pool, lemuel_fruit_tree
Lair:2:   nicolae_spider_entry_non_spiders, serial_bayou, serial_bayou_ford_a,
          serial_bayou_shore_b, serial_bayou_lagoon_b, serial_bayou_pond_d,
          grunt_forest_small_clearings, uniq_sonja, uniq_fannar
Lair:3:   nicolae_swamp_entry_splash_gauntlet, minivault_11
Lair:4:   beast_lair_carwin_2
Lair:5:   grunt_megastairs_2
Lair:6:   hangedman_lair_in_review, hangedman_lair_caniforms_friends,
          minmay_slime_entry_oklob_open, chequers_serial_rivers_micro_e,
          nicolae_lair_grove_arrangements, minmay_lair_oklob_chamber,
          uniq_josephine
Sewer:    sewer_co_purgy_island

Skill      XL: |  1  2  3  4  5  6  7  8  9 10 11 12 13 |
---------------+----------------------------------------+-----
Spellcasting   | 3 4 5 6 8 9 11 12 13 15 | 15.0
Hexes          | 4 5 6 7 8 10 11 12 14 15 | 15.2
Stealth        | 5 6 8 9 10 12 13 14 | 14.4
Short Blades   | 2 3 4 6 7 8 9 10 | 10.0
Dodging        | 4 5 7 8 9 11 12 13 | 13.1
Poison Magic   | 3 |  3.3

Action                   |  1- 3 |  4- 6 |  7- 9 | 10-12 | 13-15 || total
-------------------------+-------+-------+-------+-------+-------++-------
Melee: Dagger            |   218 |   160 |   418 |    18 |       ||   814
       Short sword       |       |       |       |   261 |   225 ||   486
 Cast: Corona            |    31 |    14 |     2 |       |       ||    47
       Ensorcelled Hiber |     7 |    33 |   102 |    87 |   110 ||   339
       Dazzling Spray    |       |     5 |    32 |    35 |    42 ||   114
       Confuse           |       |     4 |    46 |    40 |    73 ||   163
       Invisibility      |       |       |       |     1 |       ||     1
  Use: Scroll            |     7 |     5 |     7 |     5 |     2 ||    26
       Potion            |     4 |     3 |     3 |       |       ||    10
 Stab: Sleeping          |     9 |    18 |    61 |   105 |    69 ||   262
       Invisible         |       |     2 |     7 |     3 |     3 ||    15
       Confused          |       |     1 |    26 |    25 |    26 ||    78
       Distracted        |       |       |     1 |       |       ||     1
  Eat: Ration            |       |     1 |     3 |     3 |     2 ||     9
Armor: Robe              |    48 |    33 |    47 |    16 |    11 ||   155
Dodge: Dodged            |   209 |   147 |   312 |   210 |   220 ||  1098

Table legend:
 A = Non-vault XP
 B = Vault XP
 C = Vault XP percentage of total XP
 D = Non-vault monster count
 E = Vault monster count
 F = Vault count percentage of total count
                 A         B        C        D         E       F
            +---------+---------+-------+---------+---------+-------
      Total |   35672 |   27054 |  43.1 |     256 |     176 |  40.7
            +---------+---------+-------+---------+---------+-------
        D:1 |      41 |       0 |   0.0 |      26 |       0 |   0.0
        D:2 |      55 |       0 |   0.0 |      15 |       0 |   0.0
        D:3 |     147 |      75 |  33.8 |      18 |       2 |  10.0
        D:4 |      79 |     217 |  73.3 |       9 |       4 |  30.8
        D:5 |     534 |     744 |  58.2 |      19 |      51 |  72.9
        D:6 |     525 |       0 |   0.0 |      12 |       0 |   0.0
        D:7 |     356 |       0 |   0.0 |      11 |       0 |   0.0
        D:8 |    1041 |     514 |  33.1 |      20 |       4 |  16.7
     Lair:1 |    3371 |     277 |   7.6 |      15 |       1 |   6.2
     Lair:2 |    1301 |    1927 |  59.7 |       9 |      10 |  52.6
     Lair:3 |    1715 |    1311 |  43.3 |       9 |       7 |  43.8
     Lair:4 |    3763 |    2260 |  37.5 |      15 |       7 |  31.8
     Lair:5 |   10658 |    2356 |  18.1 |      32 |       8 |  20.0
     Lair:6 |   12086 |   17244 |  58.8 |      46 |      74 |  61.7
      Sewer |       0 |     129 | 100.0 |       0 |       8 | 100.0
            +---------+---------+-------+---------+---------+-------
